 Dungeon Crawl Stone Soup version 0.28-a0-1286-g6bde065e89 (webtiles) character file.

Game seed: 4113843871627819820

7 croobank the Sneak (level 1, 0/10 HPs)
             Began as a Felid Delver on Dec 26, 2021.
             Succumbed to an adder's poison
             ... on level 2 of the Dungeon.
             The game lasted 00:05:11 (805 turns).

croobank the Sneak (Felid Delver)                    Turns: 805, Time: 00:05:11

Health: 0/10       AC:  1    Str:  6 (8)  XL:     1   Next: 91%
Magic:  2/2        EV: 17    Int:  8 (11) God:
Gold:   8          SH:  0    Dex: 16 (17) Spells: 0/0 levels left
                                        Lives:  0   Deaths: 0

rFire   . . .      SeeInvis +     - Unarmed
rCold   . . .      Faith    .   (shield unavailable)
rNeg    . . .      Spirit   .   (armour unavailable)
rPois   .          Reflect  .   (helmet unavailable)
rElec   .          Harm     .   (cloak unavailable)
rCorr   .          Rampage  .   (gloves unavailable)
Will    .....                   (boots unavailable)
Stlth   +++.......              (no amulet)
HPRegen 0.03/turn               (no ring)
MPRegen 0.08/turn               (no ring)

@: lethally poisoned (0 -> -4), quick
A: very small, claws 1, fangs 3, see invisible, speed 1, shaggy fur 1, stealthy
paws, no weapons or thrown items, no armour, multi-lived
a: no special abilities


You were on level 2 of the Dungeon.
You visited 1 branch of the dungeon, and saw 4 of its levels.

You collected 8 gold pieces.

Inventory:

Wands
 e - a wand of digging (3)
Scrolls
 a - a scroll of fog
 b - a scroll of enchant weapon {unknown}
 f - a scroll of identify {unknown}
 g - a scroll of amnesia {unknown}
Potions
 c - a potion of degeneration
 d - a potion of ambrosia {unknown}


   Skills:
 + Level 3.1 Fighting
 + Level 3.0 Dodging
 + Level 6.7 Stealth
 + Level 2.2 Unarmed Combat


You couldn't memorise any spells.
You didn't know any spells.
Your spell library was empty.

Dungeon Overview and Level Annotations

Branches:
Dungeon (5/15)
 Temple: D:4-7

Altars:

Annotations:
D:3 1 transporter, ThrustWizard's ghost, amateur DsGl


Innate Abilities, Weirdness & Mutations

You have sharp claws.
You have razor-sharp teeth.
You have supernaturally acute eyesight. (SInv)
You cover ground quickly. (Speed+)
You are covered in fur. (AC +1)
Your paws help you pounce on unaware monsters.
You are incapable of wielding weapons or throwing items.
You cannot wear armour.
You gain extra lives every three experience levels.


Message History

Your Dodging skill increases to level 3!
You see here a rat corpse.
Found 19 bolts.
g - a scroll labelled GIAKHLYIDITT You see here 19 bolts.
h - 19 bolts An adder comes into view.
Found 9 gold pieces.
You drop 19 bolts.
The adder hisses angrily.
The adder closely misses you.
You scratch the adder. You bite the adder, but do no damage.
The adder is lightly wounded.
The adder bites you.
You miss the adder.
The adder is lightly wounded.
The adder closely misses you.
You closely miss the adder.
The adder is lightly wounded.
The adder misses you. The adder bites you but does no damage.
You scratch the adder.
The adder is moderately wounded.
The adder barely misses you.
You miss the adder.
The adder is moderately wounded.
The adder bites you.
You closely miss the adder.
The adder is moderately wounded.
The adder bites you.
* * * LOW HITPOINT WARNING * * *
You are lethally poisoned!
The adder poisons you!
You scratch the adder.
The adder is moderately wounded.
* * * LOW HITPOINT WARNING * * *
You feel sick. The adder misses you. The adder barely misses you.
It was a potion of degeneration.
There was something very wrong with that liquid.
You feel weakened.
You feel dopey.
You feel clumsy.
You die...

#..#.
##...............###
#..#
#.##....#...#######
#..#. #.#...##...#
#.##.#...##.†.#
#.#.#...#....#
#..#........#
#.#.......##
#(......## ##@....##
#S...## ....##
.#....# .##.....# .#
.....$.# .#
#.......# .#
#........


You could see an adder.

Vanquished Creatures
  A dart slug (D:3)
  A ball python (D:3)
  A hobgoblin (D:3)
  A quokka (D:4)
  A rat (D:2)
5 creatures vanquished.

Notes
Turn   | Place    | Note
-------+----------+-------------------------------------------
     0 | D:5      | croobank the Felid Delver began the quest for the Orb.
     0 | D:5      | Reached XP level 1. HP: 10/10 MP: 2/2
    37 | D:5      | Noticed a hound
    86 | D:5      | Noticed a jelly
   120 | D:4      | Noticed an ogre
   120 | D:4      | Noticed an iguana
   133 | D:4      | Noticed a hound
   325 | D:3      | Noticed ThrustWizard's ghost (amateur DsGl)
   326 | D:3      | Found a transporter.
   326 | D:3      | Noticed an ogre
   326 | D:3      | Noticed an ogre
   805 | D:2      | Succumbed to an adder's poison

Illustrated notes

Levels and vault maps discovered:
D:2:      minmay_alternating_diamond, layout_basic, minmay_misc_feat_rugged,
          hangedman_decor_push, minmay_parallelograms
D:3:      layout_basic, gammafunk_ghost_smash
D:4:      kennysheep_spiral_hall, layout_basic, serial_shops,
          nicolae_shop_behind_doors
D:5:      layout_layer_cave, hangedman_decor_diamond_cutter, uniq_blork_the_orc

Skill      XL: |  1 |
---------------+----+-----
Dodging        | 3 |  3.0
Fighting       | |  3.1
Stealth        | |  6.7
Unarmed Combat | |  2.2

Action                   || total
-------------------------++-------
Melee: Unarmed           ||    23
       Bite              ||     2
  Use: Scroll            ||     2
       Potion            ||     2
 Stab: Sleeping          ||     2
Armor: Skin              ||     1
Dodge: Dodged            ||    21

Table legend: (Time is in decaauts)
 A = Elapsed time spent in this place.
 B = Non-inter-level travel time spent in this place.
 C = Inter-level travel time spent in this place.
 D = Time resting spent in this place.
 E = Time spent auto-exploring this place.
 F = Levels seen in this place.
 G = Mean time per level.
                   A        B        C        D        E       F      G
               +--------+--------+--------+--------+--------+-----+--------+
         Total |    690 |    690 |      0 |    145 |    137 |   4 |  172.5 |
       Dungeon |    690 |    690 |      0 |    145 |    137 |   4 |  172.5 |
               +--------+--------+--------+--------+--------+-----+--------+

Top non-repeatable levels by time:
     D:3: 420 daAuts
     D:2: 121 daAuts
     D:5: 80 daAuts
     D:4: 67 daAuts
